 Dungeon Crawl Stone Soup version 0.28.0-53-g5a82cb258f (webtiles) character file.

Game seed: 9514223063106386848

11274 LynnLen the Covert (level 11, -4/84 HPs)
             Began as a Vampire Enchanter on Aug 6, 2022.
             Slain by a cyan ugly thing (14 damage)
             ... on level 10 of the Dungeon.
             The game lasted 00:51:35 (12851 turns).

LynnLen the Covert (Vampire Enchanter)             Turns: 12851, Time: 00:51:35

Health: -4/84      AC: 20    Str:  9    XL:     11   Next: 47%
Magic:  21/21      EV: 15    Int: 17    God:
Gold:   382        SH:  0    Dex: 18    Spells: 15/24 levels left

rFire   . . .      SeeInvis +   b - +2 dagger (drain)
rCold   . . .      Faith    .   (no shield)
rNeg    . . .      Spirit   .   F - +4 acid dragon scales
rPois   .          Reflect  .   p - +2 helmet
rElec   .          Harm     .   (no cloak)
rCorr   +          Rampage  .   (no gloves)
Will    +....                   h - +2 pair of boots
Stlth   ++........              (no amulet)
HPRegen 0.44/turn               A - ring of flight
MPRegen 0.17/turn               B - +4 ring of protection

@: confused, ambrosia-drunk, flying, healing quickly
A: alive, fangs 3, see invisible, vampiric 2
a: Exsanguinate


You were on level 10 of the Dungeon.
You visited 2 branches of the dungeon, and saw 11 of its levels.

You collected 638 gold pieces.
You spent 256 gold pieces at shops.

Inventory:

Hand Weapons
 a - a +1 dagger of protection
 b - a +2 dagger of draining (weapon)
 o - a +2 hunting sling of freezing
 r - the +5 spear of Qinat {venom, Int+4 Dex+2}
   (You found it on level 6 of the Dungeon)

   It poisons the flesh of those it strikes.
   Int:       It affects your intelligence (+4).
   Dex:       It affects your dexterity (+2).
 H - a +2 short sword of venom
Missiles
 e - 2 curare-tipped darts
 m - 278 stones
 q - 72 sling bullets
 u - 29 poisoned darts
 D - 2 throwing nets
Armour
 h - a +2 pair of boots (worn)
 p - a +2 helmet (worn)
 y - a +3 leather armour
 F - +4 acid dragon scales (worn)
 P - a +2 leather armour of fire resistance
Jewellery
 v - an amulet of faith
 A - a ring of flight (left hand)
 B - a +4 ring of protection (right hand)
 G - a ring of ice
Wands
 x - a wand of digging (4)
 I - a wand of acid (4)
 K - a wand of mindburst (12)
 N - a wand of paralysis (4)
Scrolls
 c - 5 scrolls of teleportation
 j - 2 scrolls of magic mapping
 l - a scroll of summoning
 n - a scroll of amnesia
 s - 3 scrolls of fear
 w - 2 scrolls of brand weapon
 E - a scroll of fog
 J - 4 scrolls of identify
 M - a scroll of immolation
Potions
 d - a potion of haste
 f - 2 potions of flight
 g - a potion of brilliance
 i - a potion of mutation
 k - 2 potions of attraction
 t - 3 potions of lignification
 C - a potion of resistance
 Q - a potion of heal wounds {unknown}


   Skills:
 - Level 7.3 Fighting
 - Level 10.0 Short Blades
 + Level 8.5 Dodging
 + Level 13.1 Stealth
 + Level 7.2 Spellcasting
 + Level 8.2 Hexes
 * Level 4.8 Ice Magic


You had 15 spell levels left.
You knew the following spells:

 Your Spells              Type           Power      Damage    Failure   Level
a - Confusing Touch       Hex            34%        N/A       1%          3
b - Frozen Ramparts       Ice            44%        1d6       8%          3
c - Ozocubu's Armour      Ice            22%        N/A       8%          3

Your spell library contained the following spells:

 Spells                   Type           Power      Damage    Failure   Level
 Ensorcelled Hibernation  Hex/Ice        56%        N/A       1%          2
 Tukima's Dance           Hex            34%        N/A       1%          3
 Freeze                   Ice            88%        1d10      2%          1
 Dazzling Flash           Conj/Hex       40%        N/A       11%         3
 Portal Projectile        Hex/Tloc       40%        N/A       11%         3
 Animate Skeleton         Necr           12%        N/A       19%         1
 Apportation              Tloc           12%        N/A       19%         1
 Magic Dart               Conj           24%        1d4       19%         1
 Sting                    Tmut/Pois      24%        1d4       19%         1
 Summon Small Mammal      Summ           24%        N/A       19%         1
 Call Imp                 Summ           6%         N/A       28%         2
 Static Discharge         Conj/Air       6%         N/A       28%         2
 Mephitic Cloud           Conj/Pois/Air  6%         N/A       50%         3
 Vampiric Draining        Necr           6%         2d6       50%         3
 Hailstorm                Conj/Ice       14%        3d5       56%         4
 Animate Armour           Summ/Erth      12%        N/A       88%         4
 Animate Dead             Necr           3%         N/A       88%         4
 Blade Hands              Tmut           3%         N/A       99%         5
 Borgnjor's Vile Clutch   Necr/Erth      3%         N/A       99%         5
 Lightning Bolt           Conj/Air       3%         1d14      99%         5
 Summon Forest            Summ/Tloc      3%         N/A       99%         5
 Death Channel            Necr           3%         N/A       100%        6
 Iron Shot                Conj/Erth      3%         9d2       100%        6
 Ozocubu's Refrigeration  Ice            11%        4d7       100%        7
 Maxwell's Capacitive Co  Air            3%         ∞         100%        8


Dungeon Overview and Level Annotations

Branches:
Dungeon (10/15)            Temple (1/1) D:4            Lair (0/6) D:10
    Orc (0/2) D:9

Altars:
Ashenzari
Cheibriados
Dithmenos
Elyvilon
Fedhas
Hepliaklqana
Kikubaaqudgha
Makhleb
Nemelex Xobeh
Okawaru
Qazlal
Ru
Sif Muna
Trog
Uskayaw
Vehumet
Wu Jian
Xom
Yredelemnul
Zin
The Shining One

Shops:
D:1 :   D:2 [***   D:6 (   D:9 *   D:10 *

Portals:
Trove: D:10 (give +3 shadow dragon scales)


Innate Abilities, Weirdness & Mutations

Your natural rate of healing is accelerated.
You have razor-sharp teeth.
You have supernaturally acute eyesight. (SInv)
You are afflicted with vampirism and can become a bat while bloodless.


Message History

You barely miss the fire elemental.
You bite the fire elemental, but do no damage.
The fire elemental is heavily damaged.
The fire elemental completely misses you.
You hit the deep elf pyromancer.
Your bite misses the deep elf pyromancer.
The deep elf pyromancer is lightly wounded.
The blink frog blinks!
The fire elemental hits you. The fire elemental burns you!
* * * LOW HITPOINT WARNING * * *
You barely miss the deep elf pyromancer.
The deep elf pyromancer is lightly wounded.
The deep elf pyromancer mumbles some strange words.
Blink to where?
Press: ? - help, Dir - move target
As you read the scroll of blinking, it crumbles to dust.
The blink frog hits you but does no damage.
The blink frog blinks!
The blink frog hits you but does no damage.
As you read the scroll of teleportation, it crumbles to dust.
You feel strangely unstable. The blink frog completely misses you.
The blink frog barely misses you. The fire elemental misses you.
Your surroundings suddenly seem different.
The cyan ugly thing gurgles horribly!
The cyan ugly thing punches you. The cyan ugly thing shocks you!
* * * LOW HITPOINT WARNING * * *
The cyan ugly thing punches you but does no damage.
You are confused.
You feel invigorated. The cyan ugly thing punches you.
* * * LOW HITPOINT WARNING * * *
The cyan ugly thing shocks you!
* * * LOW HITPOINT WARNING * * *
The cyan ugly thing barely misses you. The cyan ugly thing closely misses you.
Okay, then.
You're too confused to move!
The cyan ugly thing punches you!
* * * LOW HITPOINT WARNING * * *
The cyan ugly thing shocks you!
You die...

#.......####...............# #
#..........................#
#..........................# #..
#..##...#####..............# #..
#..##...# #..............# #..
#..##...# #..............# #..
#..##...# #.<............# #..
#..##...#####..............# #..
#...............@..........####..
...............u.................
#################################


You could see a cyan ugly thing.

Vanquished Creatures
  A centaur warrior (D:9)
  A two-headed ogre (D:10)
  Nergalle (D:10)
  A deep elf pyromancer (D:10)
  Joseph (D:8)
  Maggie (D:7)
  2 hornets (D:8)
  Prince Ribbit (D:6)
  A shadow (D:9)
  A vampire (D:10)
  4 yaks (D:10)
  A wraith (D:10)
  A steam dragon (D:10)
  3 acid dragons
  A water moccasin (D:7)
  3 necrophages
  A sky beast (D:6)
  3 orc warriors
  7 centaurs
  An ogre (shapeshifter) (D:10)
  2 ogres
  4 kobold brigands
  Blork the orc (D:6)
  A bullfrog (D:8)
  4 gnoll sergeants
  4 scorpions
  A water moccasin zombie (D:6)
  A water moccasin skeleton (D:6)
  4 killer bees (D:7)
  An electric eel (D:6)
  3 howler monkeys
  5 centaur zombies
  8 hounds
  2 bullfrog zombies (D:6)
  2 jellies
  3 orc priests
  A centaur skeleton (D:7)
  3 iguanas
  8 orc wizards
  Ijyb (D:4)
  A hound zombie (D:5)
  Robin (D:2)
  25 gnolls
  4 adders
  A white imp (D:7)
  An adder skeleton (D:4)
  2 worms
  A dart slug (D:4)
  17 orcs
  9 endoplasms
  2 giant cockroaches
  28 goblins
  10 hobgoblins
  11 jackals
  2 quokkas
  10 ball pythons
  8 bats
  4 frilled lizards
  29 kobolds
  6 rats
  A spectral kobold (D:4)
268 creatures vanquished.

Vanquished Creatures (others)
  A killer bee (D:7)
  8 plants
9 creatures vanquished.

Grand Total: 277 creatures vanquished

Notes
Turn   | Place    | Note
-------+----------+-------------------------------------------
     0 | D:1      | LynnLen the Vampire Enchanter began the quest for the Orb.
     0 | D:1      | Reached XP level 1. HP: 13/13 MP: 3/3
   352 | D:1      | Reached XP level 2. HP: 14/19 MP: 5/5
   541 | D:1      | Found a faded altar of an unknown god.
   542 | D:1      | Found Varainl Pibu's Book Shoppe.
   592 | D:1      | Reached skill level 5 in Stealth
   601 | D:1      | Got Plato's Papyrus of Transmutation
   778 | D:1      | Gained mutation: You are afflicted with vampirism and can
                  | become a bat while bloodless. [Vampire growth]
   778 | D:1      | Reached XP level 3. HP: 24/24 MP: 6/6
   784 | D:1      | Learned a level 3 spell: Confusing Touch
  1475 | D:2      | Found an iron altar of Okawaru.
  1501 | D:2      | Found Kes Lamm's Assorted Antiques.
  1984 | D:2      | Found Furr's Armour Shop.
  2032 | D:2      | Noticed Robin
  2043 | D:2      | Reached XP level 4. HP: 28/30 MP: 7/7
  2047 | D:2      | Killed Robin
  2212 | D:2      | Found Pehoetah's Assorted Antiques.
  2253 | D:2      | Found Bodeopol's General Store.
  2264 | D:2      | Got Zaffiwn's Catalogue of Ghastly Translocation
  2690 | D:3      | Reached skill level 6 in Stealth
  2748 | D:3      | Found a sacrificial altar of Ru.
  2841 | D:2      | Reached XP level 5. HP: 22/35 MP: 8/8
  3306 | D:3      | Reached skill level 5 in Short Blades
  3957 | D:4      | Found a sparkling altar of Nemelex Xobeh.
  3959 | D:4      | Found a stormy altar of Qazlal.
  4003 | D:4      | Reached skill level 7 in Stealth
  4003 | D:4      | Reached XP level 6. HP: 41/41 MP: 9/9
  4122 | D:4      | Found a staircase to the Ecumenical Temple.
  4357 | D:4      | Noticed Ijyb
  4360 | Temple   | Entered the Ecumenical Temple
  4470 | D:4      | Killed Ijyb
  4592 | D:4      | Found a basalt altar of Yredelemnul.
  4762 | D:4      | Found a hazy altar of Hepliaklqana.
  4922 | D:5      | Entered Level 5 of the Dungeon
  4986 | D:5      | Reached skill level 8 in Stealth
  4986 | D:5      | Reached XP level 7. HP: 40/46 MP: 6/10
  5619 | D:5      | Reached skill level 9 in Stealth
  5944 | D:5      | Reached XP level 8. HP: 52/52 MP: 7/11
  6051 | D:2      | Bought 3 scrolls of identify for 156 gold pieces
  6329 | D:6      | Noticed Blork the orc
  6366 | D:6      | Killed Blork the orc
  6367 | D:6      | Reached skill level 10 in Stealth
  7202 | D:6      | Identified the +5 spear of Qinat {venom, Int+4 Dex+2}
  7287 | D:6      | Reached skill level 10 in Short Blades
  7311 | D:6      | Reached skill level 5 in Spellcasting
  7311 | D:6      | Reached XP level 9. HP: 72/72 MP: 11/17
  7468 | D:6      | Found Itwibb's Weapon Shop.
  7552 | D:6      | Noticed Prince Ribbit
  7559 | D:6      | Killed Prince Ribbit
  7824 | D:6      | Reached skill level 11 in Stealth
  8135 | D:7      | Reached skill level 5 in Hexes
  8245 | D:7      | Reached XP level 10. HP: 79/79 MP: 13/18
  8493 | D:7      | Learned a level 3 spell: Frozen Ramparts
  8510 | D:7      | Noticed Maggie
  8528 | D:7      | Killed Maggie
  9183 | D:2      | Bought a scroll of identify for 48 gold pieces
  9197 | D:2      | Bought a scroll of identify for 52 gold pieces
  9495 | D:8      | Noticed Joseph
  9510 | D:8      | Killed Joseph
  9640 | D:8      | Identified the +7 trident of the Many Brambles {holy,
                  | Str+4}
 10242 | D:8      | Reached skill level 12 in Stealth
 10580 | D:9      | Reached skill level 1 in Ice Magic
 10732 | D:9      | Found a staircase to the Orcish Mines.
 10798 | D:9      | Noticed a centaur warrior
 10827 | D:9      | Killed a centaur warrior
 10904 | D:9      | Found Kuib's General Store.
 11146 | D:9      | Found a radiant altar of Vehumet.
 11632 | D:10     | Entered Level 10 of the Dungeon
 11634 | D:10     | Found Isakkocimu's Assorted Antiques.
 11872 | D:10     | Noticed a two-headed ogre
 11878 | D:10     | Reached XP level 11. HP: 80/84 MP: 21/21
 11885 | D:10     | Killed a two-headed ogre
 11886 | D:10     | Noticed a cyan ugly thing
 11947 | D:10     | Noticed an orc knight
 12053 | D:10     | Found a staircase to the Lair.
 12101 | D:10     | Noticed Nergalle
 12124 | D:10     | Killed Nergalle
 12399 | D:10     | Found a portal to a secret trove of treasure.
 12467 | D:10     | Noticed a deep elf pyromancer
 12493 | D:10     | Killed a deep elf pyromancer
 12494 | D:10     | Reached skill level 13 in Stealth
 12735 | D:10     | Learned a level 3 spell: Ozocubu's Armour
 12770 | D:10     | Noticed a deep elf pyromancer
 12851 | D:10     | Slain by a cyan ugly thing

Illustrated notes

Levels and vault maps discovered:
D:1:      roderic_lyre, layout_loops_ring, serial_forest,
          infiniplex_forest_lined_corner, infiniplex_forest_diagonal,
          infiniplex_forest_lined_corner, infiniplex_forest_corner_1,
          infiniplex_forest_clump_curved, infiniplex_forest_zigzag_1,
          serial_shops, shop, shapermc_ecumenical_altar_rom_forum
D:2:      layout_basic, basic_altar, serial_shops, shop, shop, shop,
          nicolae_shop_stone, minmay_shallow_snake_nest, uniq_robin
D:3:      layout_basic, mainiacjoe_overflow_brackets, minmay_misc_feat_doors
D:4:      layout_rooms, mainiacjoe_overflow_six_doors_small,
          nicolae_hepliaklqana_monster_ancestors,
          chequers_temple_overflow_statue_of_worship, temple_pool_b, uniq_ijyb
D:5:      layout_cave_pools, minmay_hedge_maze, minmay_ogre_servants
D:6:      layout_loops_corners, nicolae_elyvilon_temple_path, serial_shops,
          kennysheep_little_box, uniq_blork_the_orc, uniq_prince_ribbit1
D:7:      layout_loops_cross, enter_bailey_7, uniq_maggie
D:8:      layout_basic, uniq_maurice, uniq_joseph
D:9:      layout_cave_pools, vehumet_crystals, david_orc_1_choice, serial_shops,
          nicolae_shop_hallway_stairs, minmay_holes, bh_walls_and_bars
D:10:     minmay_the_grid_octo_tiled_octocenter
          [minmay_the_grid_octo_tetromino_candy,
          minmay_the_grid_octo_fat_diamond, minmay_the_grid_octo_checkerflower,
          minmay_the_grid_octo_77, minmay_the_grid_octo_prize_star,
          minmay_the_grid_square_5x5_minimal,
          minmay_the_grid_square_5x5_minivault,
          minmay_the_grid_square_5x5_bridge, minmay_the_grid_square_5x5_n],
          layout_long_grid, lemuel_coloured_pillars_altar, enter_trove_6,
          serial_shops, nicolae_shop_hallway_plus, uniq_nergalle
Temple:   jpeg_temple_clearing

Skill      XL: |  1  2  3  4  5  6  7  8  9 10 11 |
---------------+----------------------------------+-----
Short Blades   | 2 3 4 5 6 8 10 | 10.0
Stealth        | 5 6 7 8 9 10 11 12 13 | 13.1
Fighting       | 7 |  7.3
Dodging        | 6 7 8 |  8.5
Spellcasting   | 5 6 7 |  7.2
Hexes          | 5 7 8 |  8.2
Ice Magic      | 2 4 |  4.8

Action                   |  1- 3 |  4- 6 |  7- 9 | 10-12 || total
-------------------------+-------+-------+-------+-------++-------
Melee: Dagger            |   161 |   215 |   255 |   642 ||  1273
       Bite              |    12 |    27 |    36 |   121 ||   196
       Punch             |     1 |     1 |     9 |    21 ||    32
Throw: Dart              |       |     4 |     3 |     1 ||     8
 Cast: Confusing Touch   |     1 |    11 |    22 |    21 ||    55
       Frozen Ramparts   |       |       |       |     3 ||     3
  Use: Scroll            |     2 |     9 |     7 |    12 ||    30
       Potion            |     1 |     2 |     3 |     4 ||    10
 Stab: Sleeping          |    10 |    11 |     7 |     8 ||    36
       Distracted        |     1 |       |     1 |       ||     2
       Invisible         |     1 |       |       |       ||     1
       Confused          |       |     6 |    17 |    24 ||    47
Armor: Robe              |    22 |       |       |       ||    22
       Leather armour    |    22 |    65 |    58 |    16 ||   161
       Acid dragon scale |       |       |       |   195 ||   195
Dodge: Dodged            |    73 |   122 |   131 |   359 ||   685
